 Dungeon Crawl Stone Soup version 0.26-a0-958-gf3041fb45f (webtiles) character file.

Game seed: 1331978498358590805

44 marklar909 the Chopper (level 3, 0/36 HPs)
             Began as a Troll Wanderer on Nov 30, 2020.
             Slain by Natasha (7 damage)
             ... on level 2 of the Dungeon.
             The game lasted 00:01:06 (766 turns).

marklar909 the Chopper (Troll Wanderer)              Turns: 766, Time: 00:01:07

Health: 0/36       AC:  6    Str: 22    XL:     3   Next: 41%
Magic:  2/2        EV: 10    Int:  5    God:
Gold:   27         SH:  0    Dex: 11    Spells: 2/2 levels left

rFire    . . .     SeeInvis .   a - +0 hand axe
rCold    . . .     Faith    .   (no shield)
rNeg     . . .     Spirit   .   c - +0 robe
rPois    .         Reflect  .   (helmet restricted)
rElec    .         Harm     .   (no cloak)
rCorr    .         Rampage  .   (gloves unavailable)
MR       .....                  (boots unavailable)
Stlth    +.........             (no amulet)
HPRegen  0.52/turn              (no ring)
MPRegen  0.08/turn              (no ring)

@: no status effects
A: large, unfitting armour, claws 3, regeneration 1, shaggy fur 1, tough skin 3
a: no special abilities


You were on level 2 of the Dungeon.
You visited 1 branch of the dungeon, and saw 2 of its levels.

You collected 27 gold pieces.

Inventory:

Hand Weapons
 a - a +0 hand axe (weapon)
Armour
 c - a +0 robe (worn)
Jewellery
 i - an uncursed ring of fire {unknown}
Scrolls
 e - 2 scrolls of immolation {unknown}
 f - a scroll of random uselessness {unknown}
 j - a scroll of remove curse {unknown}
Potions
 d - a potion of brilliance {unknown}
 g - a potion of attraction {unknown}
 h - a potion of lignification {unknown}
 k - a potion of might {unknown}
 l - a potion of cancellation {unknown}
Miscellaneous
 b - a condenser vane (quivered)


   Skills:
 + Level 2.7 Fighting
 + Level 3.2 Axes
 + Level 2.0 Dodging
 + Level 1.0 Shields
 + Level 1.0 Evocations


You had 2 spell levels left.
You didn't know any spells.
Your spell library was empty.

Dungeon Overview and Level Annotations

Branches:
Dungeon (2/15)

Altars:

Annotations:
D:2 Natasha


Innate Abilities, Weirdness & Mutations

You are too large for most types of armour.
You have claws for hands.
Your natural rate of healing is unusually fast.
You are covered in fur. (AC +1)
You have extremely tough skin. (AC +3)


Message History

Natasha barely misses you. x2
You hit Natasha.
Natasha is severely wounded.
Natasha closely misses you. Natasha claws you!
You hit Natasha.
Natasha is almost dead.
Natasha closely misses you. Natasha claws you.
You barely miss Natasha.
Natasha is almost dead.
The white imp disappears in a puff of smoke!
Natasha claws you!
* * * LOW HITPOINT WARNING * * *
You closely miss Natasha.
Natasha is almost dead.
You feel yourself speed up.
Natasha stares at you and mumbles some strange words.
The magic dart hits you.
* * * LOW HITPOINT WARNING * * *
Natasha claws you!
You die...

..#.##....†....#....#
#..#
....##.........#....#
#...
#.####.#.#...........
..##
#......#.####..#.##.. #
##
######.#............##.#
#.#.........#......
########..#........
#.#..###......
###.#.§h@.....#
#......#####.#..
#.#....# #.#5#####
#.#.....##.#
#..........# ####....#..
#)#### #######5####.#


You could see Natasha.

Vanquished Creatures
  An adder (D:2)
  A worm (D:2)
  A leopard gecko (D:1)
  2 giant cockroaches (D:1)
  3 goblins
  5 hobgoblins
  7 jackals (D:1)
  2 kobolds
  2 bats
  2 frilled lizards
  2 rats (D:1)
28 creatures vanquished.

Notes
Turn   | Place    | Note
-------+----------+-------------------------------------------
     0 | D:1      | marklar909 the Troll Wanderer began the quest for the Orb.
     0 | D:1      | marklar909 set off with the following items: a +0 hand axe,
                  | a condenser vane, a +0 robe
     0 | D:1      | Reached XP level 1. HP: 22/22 MP: 0/0
   119 | D:1      | Reached XP level 2. HP: 26/29 MP: 1/1
   555 | D:1      | Reached skill level 3 in Axes
   596 | D:2      | Reached XP level 3. HP: 32/36 MP: 2/2
   744 | D:2      | Noticed Natasha
   766 | D:2      | Slain by Natasha

Illustrated notes

Levels and vault maps discovered:
D:1:      wander_arrival_lonely_grave, layout_basic
D:2:      layout_basic, uniq_natasha

Skill      XL: |  1  2  3 |
---------------+----------+-----
Axes           | 3 |  3.2
Dodging        | 2 |  2.0
Fighting       | |  2.7
Shields        | |  1.0
Evocations     | |  1.0

Action                   || total
-------------------------++-------
Melee: Hand axe          ||   113
Armor: Robe              ||    39
Dodge: Dodged            ||    73

Table legend: (Time is in decaauts)
 A = Elapsed time spent in this place.
 B = Non-inter-level travel time spent in this place.
 C = Inter-level travel time spent in this place.
 D = Time resting spent in this place.
 E = Time spent auto-exploring this place.
 F = Levels seen in this place.
 G = Mean time per level.
                   A        B        C        D        E       F      G
               +--------+--------+--------+--------+--------+-----+--------+
         Total |    789 |    766 |     23 |      0 |    547 |   2 |  394.5 |
       Dungeon |    789 |    766 |     23 |      0 |    547 |   2 |  394.5 |
               +--------+--------+--------+--------+--------+-----+--------+

Top non-repeatable levels by time:
     D:1: 600 daAuts
     D:2: 188 daAuts
